 Dungeon Crawl Stone Soup version 0.24.0-13-gcf9b319 (webtiles) character file.

Game seed: 22702740215531867, levelgen mode: deterministic

2781 Inchmeat the Severer (level 9, 0/68 HPs)
             Began as a Hill Orc Gladiator on Apr 4, 2020.
             Was an Initiate of the Shining One.
             Slain by an unseen horror (3 damage)
             ... on level 8 of the Dungeon.
             The game lasted 00:08:34 (6706 turns).

Inchmeat the Severer (Hill Orc Gladiator)           Turns: 6706, Time: 00:08:35

Health: 0/68       AC: 13    Str: 17 (20) XL:     9   Next: 70%
Magic:  9/9        EV:  7    Int:  6 (8)  God:    the Shining One [......]
Gold:   469        SH:  0    Dex:  9 (12) Spells: 8/8 levels left

rFire    + . .     SeeInvis .   a - +0 war axe
rCold    + . .     Gourm    .   (no shield)
rNeg     . . .     Faith    .   j - +0 chain mail
rPois    .         Spirit   .   c - +0 helmet
rElec    .         Reflect  .   A - scarf {rC+ rF+}
rCorr    .         Harm     .   h - +0 pair of gloves
MR       .....                  y - +2 pair of boots
Stlth    ..........             (no amulet)
HPRegen  0.21/turn              (no ring)
MPRegen  0.11/turn              (no ring)

@: berserk cooldown, slowed, glowing, lightly drained, very slow
A: no striking features
a: Renounce Religion


You were on level 8 of the Dungeon.
You worshipped the Shining One.
The Shining One was noncommittal.
You were hungry.

You visited 2 branches of the dungeon, and saw 9 of its levels.
You also visited: Sewer.

You collected 469 gold pieces.

Inventory:

Hand Weapons
 a - a +0 war axe (weapon)
Missiles
 d - 3 throwing nets (quivered)
 p - 70 sling bullets
Armour
 b - a +0 leather armour
 c - a +0 helmet (worn)
 h - a +0 pair of gloves (worn)
 j - a +0 chain mail (worn)
 y - a +2 pair of boots (worn)
 A - a scarf of resistance (worn)
Jewellery
 k - an uncursed amulet of the gourmand
Wands
 E - a wand of flame (10)
 F - a wand of iceblast (5)
 G - a wand of random effects (21)
Scrolls
 g - 4 scrolls of remove curse {@r2}
 i - 9 scrolls of identify {@r1}
 q - a scroll of torment {unknown}
 r - 3 scrolls of immolation {unknown}
 t - a scroll of fear {unknown}
 u - a scroll of brand weapon {unknown}
 v - 3 scrolls of blinking {unknown}
 w - 2 scrolls of enchant weapon {unknown}
 z - 2 scrolls of amnesia {unknown}
 C - a scroll of vulnerability {unknown}
 H - a scroll of magic mapping {unknown}
 I - a scroll of teleportation {unknown}
 J - a scroll of enchant armour {unknown}
Potions
 e - a potion of resistance {unknown}
 l - a potion of berserk rage
 m - 2 potions of cancellation {unknown}
 n - 3 potions of heal wounds {unknown}
 o - a potion of agility {unknown}
 s - a potion of brilliance {unknown}
 x - a potion of haste {unknown}
 D - 3 potions of lignification {unknown}
 K - a potion of mutation {unknown}
Comestibles
 f - 23 rations


   Skills:
 * Level 2.4(2.2) Fighting
 - Level 16.2(15.8) Axes
 - Level 1.7(1.5) Throwing
 - Level 2.4(2.2) Dodging


You had 8 spell levels left.
You didn't know any spells.
Your spell library contained the following spells:

 Spells                   Type           Power        Failure   Level  Hunger
 Confusing Touch          Hex            #.....       100%        1    ##.....
 Corona                   Hex            #......      100%        1    ##.....
 Ensorcelled Hibernation  Hex/Ice        #.....       100%        2    ###....
 Confuse                  Hex            #.......     100%        3    ####...
 Dazzling Spray           Conj/Hex       #.....       100%        3    ####...
 Gell's Gravitas          Tloc           #.........   100%        3    ####...
 Tukima's Dance           Hex            #.......     100%        3    ####...
 Petrify                  Tmut/Erth      #.......     100%        4    #####..
 Metabolic Englaciation   Hex/Ice        #.........   100%        5    ######.
 Yara's Violent Unravell  Hex/Tmut       #.........   100%        5    ######.


Dungeon Overview and Level Annotations

Branches:
Dungeon (8/15)             Temple (1/1) D:4           Sewer (visited)
   Lair: D:8-11

Altars:
Ashenzari
Cheibriados
Elyvilon
Fedhas
Hepliaklqana
Kikubaaqudgha
Makhleb
Nemelex Xobeh
Qazlal
Trog
Uskayaw
Vehumet
Xom
Zin
The Shining One

Shops:
D:4 [


Message History

Ye feel yerself slow down.
Somethin' hits ye.
* * * LOW HITPOINT WARNIN'
* * * Ye start restin'.
Somethin' hits ye but does nay damage.
Thar be a strange disturbance nearby!
Thar be a strange disturbance nearby!
Thar be a strange disturbance nearby!
Thar be a strange disturbance nearby!
Somethin' hits ye.
* * * LOW HITPOINT WARNIN'
* * * Somethin' hits ye but does nay damage.
Somethin' hits ye.
* * * LOW HITPOINT WARNIN'
* * * Somethin' hits ye.
* * * LOW HITPOINT WARNIN'
* * * Okay, than.
It was a potion o' degeneration.
Thar was somethin' very wrong wit tha liquid.
Ye feel weaken'd.
Ye feel dopey.
Ye feel clumsy.
Somethin' hits ye.
Ye die...

....#..##.##.............#
....#..##..........#.#######
....#..#####.......#.......#
..###..#####.......#..####.#
.###...............#....##.#
## #...>#############.#.##.#
# ...########## #......#
###.##.$.....######.####
#(.........{@....<..#
#.#.##..####...######
......#..#......#
#..#.#.......##...#
.....(......####.### #...#
##..... ..# .... ..........#
.# ###.########


There were no monsters in sight!

Vanquished Creatures
  Pikel (D:6)
  The ghost of fletch1014 the Shooter, a novice CeHu of Okawaru (D:6)
  A wyvern (D:8)
  Duvessa (D:7)
  Purgy (Sewer)
  2 black bears
  An ogre (D:7)
  A sky beast (D:7)
  A centaur (D:8)
  A bullfrog (D:7)
  Dowan (D:7)
  2 scorpions
  2 howler monkeys (D:7)
  4 crimson imps
  A quasit (D:7)
  3 orc priests
  A bullfrog skeleton (D:8)
  3 hounds
  Terence (D:2)
  7 orc wizards
  2 worker ants
  2 howler monkey zombies
  9 gnolls
  A worker ant zombie (D:7)
  6 adders
  A shadow imp (D:6)
  2 oozes
  3 adder zombies
  3 worms
  2 dart slugs
  4 leopard geckos
  23 orcs
  9 bats
  11 giant cockroaches
  7 goblins (D:2)
  6 hobgoblins
  6 jackals (D:1)
  3 quokkas
  2 ball pythons
  5 frilled lizards
  A jackal skeleton (D:8)
  6 kobolds
  6 rats
156 creatures vanquished.

Vanquished Creatures (others)
  A slave (D:6)
1 creature vanquished.

Grand Total: 157 creatures vanquished

Notes
Turn   | Place    | Note
-------+----------+-------------------------------------------
     0 | D:1      | Inchmeat the Hill Orc Gladiator began the quest for the
                  | Orb.
     0 | D:1      | Reached XP level 1. HP: 18/18 MP: 1/1
    71 | D:1      | Reached XP level 2. HP: 24/25 MP: 2/2
   241 | D:1      | Reached skill level 5 in Axes
   508 | D:1      | Reached XP level 3. HP: 27/30 MP: 3/3
   856 | D:2      | Reached skill level 6 in Axes
  1063 | D:2      | Noticed Terence
  1078 | D:2      | Reached XP level 4. HP: 15/37 MP: 4/4
  1081 | D:2      | Killed Terence
  1340 | D:2      | Reached skill level 7 in Axes
  1507 | D:2      | Reached XP level 5. HP: 26/42 MP: 5/5
  2176 | D:3      | Found a glowing drain.
  2216 | Sewer    | Entered a sewer
  2242 | Sewer    | Noticed Purgy
  2265 | Sewer    | Killed Purgy
  2265 | Sewer    | Reached skill level 8 in Axes
  2265 | Sewer    | Reached XP level 6. HP: 31/50 MP: 6/6
  2554 | D:3      | You fall into a shaft and drop 3 floors!
  2554 | D:6      | Noticed fletch1014's ghost (novice CeHu)
  2644 | D:6      | Found a runed translucent door.
  2668 | D:6      | Killed fletch1014's ghost
  2668 | D:6      | Reached skill level 10 in Axes
  2668 | D:6      | Reached XP level 7. HP: 48/56 MP: 7/7
  2826 | D:6      | Noticed a +0 dagger
  2827 | D:6      | Noticed a +0 dagger
  2892 | D:6      | Found a hide-covered altar of Uskayaw.
  2971 | D:6      | Reached skill level 11 in Axes
  3009 | D:6      | Noticed Pikel
  3017 | D:6      | Killed Pikel
  3017 | D:6      | Reached skill level 12 in Axes
  3017 | D:6      | Reached XP level 8. HP: 46/62 MP: 8/8
  3657 | D:6      | Reached skill level 13 in Axes
  4294 | D:7      | Reached skill level 14 in Axes
  4388 | D:7      | Reached XP level 9. HP: 67/68 MP: 9/9
  4899 | D:7      | Noticed Dowan
  4899 | D:7      | Noticed Duvessa
  4912 | D:7      | Killed Duvessa
  4927 | D:7      | Killed Dowan
  4927 | D:7      | Reached skill level 15 in Axes
  5231 | D:5      | Entered Level 5 of the Dungeon
  5365 | D:5      | Found a white marble altar of Elyvilon.
  6128 | D:4      | Found a staircase to the Ecumenical Temple.
  6290 | D:4      | Found Umiovoawn's Antique Armour Shoppe.
  6431 | Temple   | Entered the Ecumenical Temple
  6486 | Temple   | Became a worshipper of the Shining One
  6695 | D:8      | Reached skill level 16 in Axes
  6703 | D:8      | HP: 3/68 [something (2)]
  6706 | D:8      | Slain by an unseen horror

Levels and vault maps discovered:
D:1:      minmay_arrival_stone_box, layout_loops_ring
D:2:      layout_loops_ring, minmay_misc_feat_diagonals, uniq_terence
D:3:      layout_basic, grunt_temple_overflow_open, gup_sewer_entry_pipe
D:4:      layout_cave_pools, minmay_temple_entry_waves, serial_shops,
          kennysheep_mini, palyth_stone_intersect
D:5:      layout_rooms, elyvilon_altar_5, first_ration, minmay_between
D:6:      cheibrodos_iron_armory, layout_basic, dancing_weapons_uskayaw,
          hellmonk_ghost_happy_afterlife, uniq_pikel
D:7:      kennysheep_spiral_hall, layout_basic, skrybe_limestone_x,
          grunt_ogre_cave, uniq_duvessa
D:8:      layout_loops_cross, serial_shops, shop
Temple:   kb_temple_of_zot

Skill      XL: |  1  2  3  4  5  6  7  8  9 |
---------------+----------------------------+-----
Axes           | 5 6 7 8 10 12 14 16 | 16.2
Fighting       | |  2.4
Throwing       | |  1.7
Dodging        | |  2.4

Action                   |  1- 3 |  4- 6 |  7- 9 || total
-------------------------+-------+-------+-------++-------
Melee: War axe           |    89 |   153 |   303 ||   545
Throw: Throwing net      |       |     1 |     1 ||     2
  Use: Scroll            |       |     2 |       ||     2
       Potion            |       |     1 |     2 ||     3
  Eat: Chunk             |       |     5 |    10 ||    15
       Ration            |       |       |     1 ||     1
Armor: Leather armour    |    30 |       |       ||    30
       Chain mail        |       |   124 |   203 ||   327
Dodge: Dodged            |    59 |    59 |   114 ||   232
